 Dungeon Crawl Stone Soup version 0.19.1 (webtiles) character file.

882 Peloso the Slasher (level 8, -7/66 (67) HPs)
             Began as a Ghoul Fighter on Dec 6, 2016.
             Was an Initiate of Okawaru.
             Blown up by Pikel (19 damage)
             ... with a wand of disintegration
             ... on level 4 of the Dungeon.
             The game lasted 00:16:30 (6283 turns).

Peloso the Slasher (Ghoul Fighter)                  Turns: 6283, Time: 00:16:31

HP:   -7/66 (67)    AC: 16    Str: 20    XL:     8   Next: 5%
MP:   7/7           EV:  6    Int:  3    God:    Okawaru [......]
Gold: 160           SH: 12    Dex: 10    Spells: 0 memorised, 7 levels left

rFire  . . .     SeeInvis .     a - +0 long sword
rCold  + . .     Gourm    .     r - +0 chain mail
rNeg   + + +     Faith    .     c - +0 shield
rPois  ∞         Spirit   .     g - +0 helmet
rElec  .         Reflect  +     (no cloak)
rCorr  .         Harm     .     (no gloves)
MR     .....                    j - +0 pair of boots
Stlth  ..........               x - +3 amulet of reflection
                                (no ring)
                                m - +4 ring of protection

@: rotting
A: rotting body, claws 1, carnivore 3, cold resistance 1, negative energy
resistance 3, slow regeneration 1, torment resistance, unbreathing
a: Renounce Religion


You were on level 4 of the Dungeon.
You worshipped Okawaru.
Okawaru was noncommittal.
You were not hungry.

You visited 1 branch of the dungeon, and saw 5 of its levels.

You collected 160 gold pieces.

Inventory:

Hand Weapons
 a - a +0 long sword (weapon)
Armour
 b - a +0 scale mail
 c - a +0 shield (worn)
 g - a +0 helmet (worn)
 j - a +0 pair of boots (worn)
 r - a +0 chain mail (worn)
Jewellery
 m - a +4 ring of protection (left claw)
 x - a +3 amulet of reflection (around neck)
Scrolls
 d - a scroll of noise {unknown}
 e - a scroll of remove curse
 l - a scroll of fear {unknown}
 q - a scroll of amnesia {unknown}
 s - a scroll of enchant weapon {unknown}
 v - a scroll of fog {unknown}
Potions
 i - a potion of heal wounds
 k - 2 potions of curing
 n - a potion of flight
 p - a potion of degeneration {unknown}
 t - 2 potions of haste {unknown}
 u - a potion of brilliance {unknown}
Comestibles
 f - 4 meat rations


   Skills:
 + Level 4.5 Fighting
 + Level 5.3 Long Blades
 + Level 4.6 Armour
 + Level 1.5 Dodging
 + Level 4.5 Shields


You had 7 spell levels left.
You didn't know any spells.

Dungeon Overview and Level Annotations

Branches:
Dungeon (5/15)
 Temple: D:4-7

Altars:
Okawaru
Sif Muna

Annotations:
D:4 Eustachio, Pikel


Innate Abilities, Weirdness & Mutations

Your body is rotting away.
You thrive on raw meat.
You are immune to poison.
You have sharp fingernails.
You are carnivorous and can eat meat at any time.
Your flesh is cold resistant. (rC+)
You are immune to negative energy. (rN+++)
You regenerate slowly when monsters are visible.
You are immune to unholy pain and torment.
You can survive without breathing.


Message History

Pikel barely misses you.
You closely miss Pikel.
Pikel is moderately wounded.
Pikel hits you with a whip of electrocution.
You miss Pikel.
Pikel is moderately wounded.
Pikel hits you with a whip of electrocution.
You are electrocuted!
* * * LOW HITPOINT WARNING * * *
You hit Pikel.
Pikel is moderately wounded.
Pikel hits you but does no damage.
You closely miss Pikel.
Pikel is moderately wounded.
Pikel closely misses you. You block Pikel's attack.
You hit Pikel but do no damage.
Pikel is moderately wounded.
You block Pikel's attack.
Pikel zaps a wand.
You are blasted!
You die...

#.......######..># #.......
##......## ##...## ##.......
#...##..###.).## ##.......#
#.####...##...# ##.........
######....#...#####.......#.)
#................##......##..
######...........#........#.)
#..............##.......
##......@.K....###......#
#.............#.##.......
##............#..####....
#............##..#######
##...........###..## #
#...........# ##..## #
##..........# ##..## #
##..........# ##..###
#..........## ##....


You could see Pikel.

Vanquished Creatures
  The ghost of Perturabo the Slasher, an amateur HOFi (D:4)
  Edmund (D:5)
  An ice beast (D:4)
  A slave (D:5)
  A phantom (D:3)
  A crimson imp (D:5)
  A centaur zombie (D:5)
  An orc priest (D:4)
  An orc wizard (D:4)
  3 worker ants (D:4)
  A hound skeleton (D:5)
  5 adders
  2 worms
  A leopard gecko (D:4)
  13 orcs
  10 bats
  5 giant cockroaches
  12 goblins
  9 hobgoblins
  11 jackals
  6 kobolds
  4 quokkas
  4 frilled lizards
  A jackal skeleton (D:4)
  7 rats
103 creatures vanquished.

Notes
Turn   | Place    | Note
-------+----------+-------------------------------------------
     0 | D:1      | Peloso the Ghoul Fighter began the quest for the Orb.
     0 | D:1      | Reached XP level 1. HP: 19/19 MP: 0/0
   364 | D:1      | Reached skill level 2 in Long Blades
   364 | D:1      | Reached XP level 2. HP: 26/26 MP: 1/1
   982 | D:2      | Reached XP level 3. HP: 28/31 MP: 2/2
  1729 | D:3      | Noticed a phantom
  1755 | D:3      | Killed a phantom
  1755 | D:3      | Reached skill level 3 in Long Blades
  1755 | D:3      | Reached XP level 4. HP: 11/37 MP: 3/3
  1755 | D:3      | Reached XP level 5. HP: 13/43 MP: 4/4
  2292 | D:3      | Found an iron altar of Okawaru.
  2397 | D:3      | Reached skill level 1 in Dodging
  2867 | D:3      | Became a worshipper of Warmaster Okawaru
  3031 | D:4      | Noticed Perturabo's ghost (amateur HOFi)
  3588 | D:4      | Reached XP level 6. HP: 40/52 MP: 5/5
  3853 | D:4      | Found a deep blue altar of Sif Muna.
  3870 | D:4      | Killed Perturabo's ghost
  3870 | D:4      | Reached skill level 4 in Long Blades
  3870 | D:4      | Reached XP level 7. HP: 31/58 MP: 6/6
  4355 | D:4      | Found an iron altar of Okawaru.
  4813 | D:5      | Entered Level 5 of the Dungeon
  4813 | D:5      | Noticed Eustachio
  5397 | D:5      | Reached skill level 5 in Long Blades
  5401 | D:5      | Noticed Edmund
  5438 | D:5      | Killed Edmund
  5438 | D:5      | Reached * piety under Okawaru
  5438 | D:5      | Reached XP level 8. HP: 12/67 MP: 7/7
  5699 | D:5      | Noticed Pikel
  6283 | D:4      | Blown up by Pikel

Skill      XL: |  1  2  3  4  5  6  7 |
---------------+----------------------+-----
Long Blades    | 2 3 4 5 |  5.3
Shields        | 3 4 |  4.5
Armour         | 3 4 |  4.6
Dodging        | 1 |  1.5
Fighting       | 4 |  4.5

Action                   |  1- 3 |  4- 6 |  7- 9 || total
-------------------------+-------+-------+-------++-------
Melee: Long sword        |   161 |   202 |   263 ||   626
  Use: Potion            |       |     2 |     1 ||     3
       Scroll            |       |       |     6 ||     6
  Eat: Chunk             |     6 |     5 |     9 ||    20
Armor: Scale mail        |    87 |    44 |       ||   131
       Chain mail        |       |    65 |   147 ||   212
Dodge: Dodged            |    38 |    51 |    55 ||   144
Block: Shield            |    77 |   106 |   172 ||   355
       Rpst.: Long sword |    10 |    14 |    14 ||    38
